 Dungeon Crawl Stone Soup version 0.32-a0-666-ge8a88695a4 (webtiles) character file.

Game seed: 8257877375211180534

1029 Malificent the Shooter (level 8, 0/42 HPs)
             Began as a Vine Stalker Fighter on Mar 10, 2024.
             Was a Believer of Nemelex Xobeh.
             Slain by an orc priest
             ... wielding a +4 spear
              (7 damage)
             ... on level 5 of the Dungeon.
             The game lasted 00:17:23 (3936 turns).

Malificent the Shooter (Vine Stalker Fighter)       Turns: 3936, Time: 00:17:24

Health: 0/42       AC:  7    Str: 19    XL:     8   Next: 23%
Magic:  0/10       EV:  9    Int:  8    God:    Nemelex Xobeh [**....]
Gold:   233        SH:  6    Dex: 16    Spells: 7/7 levels left

rFire   . . .        a - +4 short sword (vamp)
rCold   + . .        c - +1 buckler
rNeg    . . .        p - +0 scale mail
rPois   .            (no helmet)
rElec   +            (no cloak)
rCorr   .            (no gloves)
SInv    +            (no boots)
Will    +....        e - amulet of the Akabeko {-Cast +Inv rElec Regen+ SInv}
Stlth   +            g - ring of protection from cold
HPRegen 1.87/turn    (no ring)
MPRegen 0.12/turn

%: no spellcasting, guardian spirit
@: mighty
A: fangs 3, regeneration 1, magic shield, antimagic bite, no potion heal 2
a: Renounce Religion, Evoke Invisibility, Draw Escape, Draw Destruction, Draw
Summoning


You were on level 5 of the Dungeon.
You worshipped Nemelex Xobeh.
Nemelex Xobeh was pleased with you.
You visited 1 branch of the dungeon, and saw 5 of its levels.

You collected 233 gold pieces.

Inventory:

Hand Weapons
 a - a +4 vampiric short sword (weapon)
 b - the +2 sling "Saluus" {heavy, Will- Str+5 Dex+4}
   (You found it on level 2 of the Dungeon)

   Str+5:     It affects your strength (+5).
   Dex+4:     It affects your dexterity (+4).
   Will-:     It decreases your willpower.
 l - a +1 spear of venom
 y - a +0 rapier
Missiles
 f - 3 curare-tipped darts (quivered)
 v - a throwing net
Armour
 c - a +1 buckler (worn)
 p - a +0 scale mail (worn)
 w - a +0 pair of gloves
Jewellery
 e - the amulet of the Akabeko (around neck) {-Cast +Inv rElec Regen+ SInv}
   (You acquired it on level 5 of the Dungeon)

   [amulet of regeneration]

   rElec:     It insulates you from electricity.
   SInv:      It lets you see invisible.
   +Inv:      It lets you turn invisible.
   -Cast:     It prevents spellcasting.
   Regen+:    It increases your rate of health regeneration.
 g - a ring of protection from cold (left hand)
 h - an amulet of reflection
 r - a ring of fire
 x - an amulet of magic regeneration
 z - an amulet of faith
Scrolls
 j - a scroll of revelation
 k - 2 scrolls of teleportation
 n - a scroll of silence
 C - a scroll of torment {unknown}
Potions
 d - a potion of might
 i - a potion of lignification
 m - a potion of degeneration {unknown}
 o - a potion of brilliance {unknown}
 q - a potion of resistance {unknown}
 s - 2 potions of invisibility {unknown}
 u - a potion of enlightenment {unknown}


   Skills:
 + Level 3.8 Fighting
 * Level 3.6 Short Blades
 * Level 4.0 Ranged Weapons
 + Level 3.7 Armour
 + Level 0.9 Dodging
 * Level 3.9 Stealth
 + Level 3.9 Shields
 * Level 2.1 Invocations
 + Level 0.9 Evocations


You had 7 spell levels left.
You didn't know any spells.
Your spell library contained the following spells:

 Spells                   Type           Power      Damage    Failure   Level
 Cigotuvi's Dreadful Rot  Necr/Alch/Air  0%         N/A       94%         2
 Dispel Undead            Necr           0%         3d6       100%        4
 Martyr's Knell           Necr/Summ      0%         N/A       100%        4
 Death Channel            Necr           0%         N/A       100%        6


Dungeon Overview and Level Annotations

Branches:
Dungeon (5/15)
 Temple: D:4-7

Altars:
Gozag
Kikubaaqudgha
Nemelex Xobeh
Wu Jian
Xom

Shops:
D:3 [

Annotations:
D:5 Grinder


Innate Abilities, Weirdness & Mutations

You have razor-sharp teeth.
Your natural rate of healing is unusually fast.
When hurt, damage is shared between your health and your magic reserves.
Your bite disrupts and absorbs the magic of your enemies.
Potions cannot restore your health.


Message History

Grinder shouts!
The orc barely misses you.
The orc priest hits you from afar with a +4 spear.
You miss the orc. The orc barely misses you. The orc priest closely misses you.
You miss the orc. The orc hits you with a +0 war axe!
The orc priest begins to cast a cantrip, but forgets the words!
Grinder says, "Are you a fish?" The orc wizard casts a spell at you.
The puff of flame hits you.
You hit the orc.
You feel better.
Your bite misses the orc.
The orc is almost dead.
The orc hits you with a +0 war axe.
The orc priest invokes the aid of Beogh against you.
Beogh smites you!
Grinder blinks!
Unknown command.
You feel very mighty all of a sudden.
You feel less confused. The orc hits you with a +0 war axe.
The orc priest looks satisfied for a moment.
The orc wizard completely misses you.
Okay, then.
You puncture the orc!
You kill the orc!
You closely miss the orc wizard. Grinder gestures at you.
Pain shoots through your body!
* * * LOW HITPOINT WARNING * * *
The orc wizard hits you with a +0 dagger.
* * * LOW HITPOINT WARNING * * *
The orc priest hits you from afar with a +4 spear!
* * * LOW HITPOINT WARNING * * *
Okay, then.
Okay, then.
Okay, then.
The orc priest attacks as it pursues you!
The orc priest completely misses you.
Grinder blinks!
The orc priest attacks as it pursues you!
The orc priest hits you from afar with a +4 spear!
You die...
Your body disappears without a glow.

...# #........# #### ...#
#........####### # ...#
#..............# # ...#
#....).........# #
.##.....######.......# #
.# ..... #.......#####
#### .. .....
#...........# #...
##...... #...........#
#... .###.#
#..@........#####... #
####.##..o...........##...
#
#.......)o####....##.##...
# #.........#
#....##...... #
#.........# #########....
### #.........# #.... ...
#..ยง......# #.... ##
####.........# ##### #
.............# #


You could see an orc priest and an orc wizard.

Vanquished Creatures
  Edmund (D:4)
  A black bear (D:4)
  Blork the orc (D:4)
  2 scorpions (D:5)
  A bombardier beetle (D:5)
  4 jellies
  An orc priest (D:4)
  2 hounds (D:5)
  A gnoll bouda (D:5)
  2 iguanas (D:5)
  3 orc wizards
  9 gnolls
  3 adders
  3 ribbon worms
  4 dart slugs
  18 orcs
  6 endoplasms
  A giant cockroach (D:3)
  6 goblins
  3 hobgoblins
  14 jackals
  6 kobolds
  4 quokkas
  6 ball pythons
  3 bats
  2 frilled lizards (D:1)
  6 rats
113 creatures vanquished.

Notes
Turn   | Place    | Note
-------+----------+-------------------------------------------
     0 | D:1      | Malificent the Vine Stalker Fighter began the quest for the
                  | Orb.
     0 | D:1      | Reached XP level 1. HP: 11/11 MP: 2/2
    41 | D:1      | Reached XP level 2. HP: 16/16 MP: 3/3
   240 | D:1      | Reached XP level 3. HP: 12/19 MP: 1/4
  1151 | D:2      | Reached XP level 4. HP: 24/24 MP: 5/5
  1344 | D:2      | Identified the +2 sling "Saluus" {heavy, Will- Str+5 Dex+4}
  1432 | D:3      | Found an ancient bone altar of Kikubaaqudgha.
  1501 | D:3      | Found a sparkling altar of Nemelex Xobeh.
  1587 | D:3      | Reached skill level 1 in Stealth
  1659 | D:3      | Reached XP level 5. HP: 28/28 MP: 6/6
  1808 | D:3      | Found Eno Akos's Armour Boutique.
  2245 | D:3      | Became a worshipper of Nemelex Xobeh the Trickster
  2297 | D:4      | Reached skill level 1 in Ranged Weapons
  2335 | D:4      | Noticed a black bear
  2360 | D:4      | Killed a black bear
  2361 | D:4      | Reached skill level 2 in Ranged Weapons
  2361 | D:4      | Reached XP level 6. HP: 13/32 MP: 3/7
  2394 | D:4      | Noticed Blork the orc
  2423 | D:4      | Found an opulent altar of Gozag.
  2584 | D:4      | Reached skill level 1 in Invocations
  2605 | D:4      | Reached * piety under Nemelex Xobeh
  2616 | D:4      | Found an ornate altar of the Wu Jian Council.
  2617 | D:4      | Found a shimmering altar of Xom.
  2731 | D:4      | Killed Blork the orc
  2732 | D:4      | Reached XP level 7. HP: 31/37 MP: 8/8
  2788 | D:4      | Reached skill level 3 in Ranged Weapons
  2862 | D:4      | Received a gift from Nemelex Xobeh
  3198 | D:4      | Noticed Edmund
  3211 | D:4      | Killed Edmund
  3301 | D:5      | Entered Level 5 of the Dungeon
  3525 | D:5      | Reached ** piety under Nemelex Xobeh
  3597 | D:5      | Gained mutation: You have razor-sharp teeth. [Vine Stalker
                  | growth]
  3597 | D:5      | Reached XP level 8. HP: 42/42 MP: 8/10
  3819 | D:5      | Identified a scroll of acquirement
  3819 | D:5      | Acquired the amulet of the Akabeko {-Cast +Inv rElec Regen+
                  | SInv}
  3878 | D:5      | Reached skill level 4 in Ranged Weapons
  3926 | D:5      | Noticed Grinder
  3936 | D:5      | Slain by an orc priest

Illustrated notes

Levels and vault maps discovered:
D:1:      amcnicky_arrival_blooded_trapdoor, layout_rooms
D:2:      layout_basic, hangedman_decor_push
D:3:      layout_basic, nemelex_diamond_rough_becter, lemuel_doored_altar,
          serial_shops, nicolae_lakefront_shop, grunt_decor_cap
D:4:      layout_cave_pods, mainiacjoe_overflow_tiny_flanked,
          nicolae_overflow_squiral, serial_column_ruins, column_ruins_hut,
          column_ruins_grid_3, column_ruins_open_tiny, column_ruins_grid_1,
          column_ruins_columns_straight, grunt_ministairs_15,
          corexii_hall_statues_x, uniq_edmund, uniq_blork_the_orc
D:5:      layout_basic, uniq_grinder

Skill      XL: |  1  2  3  4  5  6  7  8 |
---------------+-------------------------+-----
Shields        | 3 |  3.9
Short Blades   | 2 3 |  3.6
Fighting       | 3 |  3.8
Stealth        | 1 2 3 |  3.9
Ranged Weapons | 2 3 4 |  4.0
Armour         | 3 |  3.7
Invocations    | 1 2 |  2.1
Dodging        | |  0.9
Evocations     | |  0.9

Action                     |  1- 3 |  4- 6 |  7- 9 || total
---------------------------+-------+-------+-------++-------
  Melee: Rapier            |    98 |    68 |     3 ||   169
         Bite              |    19 |    17 |    38 ||    74
         Sling             |       |     6 |       ||     6
         Short sword       |       |       |   112 ||   112
   Fire: Sling             |       |    77 |    16 ||    93
  Evoke: Wand              |       |     2 |     5 ||     7
    Use: Scroll            |     3 |     1 |     7 ||    11
         Potion            |       |       |     1 ||     1
   Stab: Paralysed         |       |     3 |     7 ||    10
 Armour: Scale mail        |    55 |   130 |    57 ||   242
  Dodge: Dodged            |    36 |    55 |    36 ||   127
  Block: Buckler           |    41 |    77 |    42 ||   160
         Reflection        |       |     2 |       ||     2

Table legend: (Time is in decaauts)
 A = Elapsed time spent in this place.
 B = Non-inter-level travel time spent in this place.
 C = Inter-level travel time spent in this place.
 D = Time resting spent in this place.
 E = Time spent auto-exploring this place.
 F = Levels seen in this place.
 G = Mean time per level.
                   A        B        C        D        E       F      G
               +--------+--------+--------+--------+--------+-----+--------+
         Total |   4041 |   3894 |    147 |    295 |   2446 |   5 |  808.2 |
       Dungeon |   4041 |   3894 |    147 |    295 |   2446 |   5 |  808.2 |
               +--------+--------+--------+--------+--------+-----+--------+

Top non-repeatable levels by time:
     D:4: 1093 daAuts
     D:3: 937 daAuts
     D:2: 813 daAuts
     D:5: 622 daAuts
     D:1: 574 daAuts
